 Dungeon Crawl Stone Soup version 0.29-a0-2-g12fcac58f8 (webtiles) character file.

Game seed: 11751259037055337433

84 testman the Skirmisher (level 4, -1/39 HPs)
             Began as a Demonspawn Monk on Jan 26, 2022.
             Was a Plaything of Xom.
             Killed by divine providence
             ... invoked by an orc priest
              (14 damage)
             ... on level 3 of the Dungeon.
             The game lasted 00:03:36 (2257 turns).

testman the Skirmisher (Demonspawn Monk)            Turns: 2257, Time: 00:03:37

Health: -1/39      AC:  3    Str: 13    XL:     4   Next: 24%
Magic:  4/4        EV: 13    Int: 11    God:    Xom [....*.]
Gold:   116        SH:  0    Dex: 16    Spells: 3/3 levels left

rFire   . . .      SeeInvis .   i - +1 dagger (flame)
rCold   + . .      Faith    .   (no shield)
rNeg    . . .      Spirit   .   b - +0 robe
rPois   .          Reflect  .   g - +0 helmet
rElec   .          Harm     .   (no cloak)
rCorr   .          Rampage  .   (no gloves)
Will    .....                   (no boots)
Stlth   ++........              (no amulet)
HPRegen 0.13/turn               e - ring of protection from cold
MPRegen 0.09/turn               (no ring)

@: no status effects
A: claws 1, spiny 1
a: Renounce Religion


You were on level 3 of the Dungeon.
You worshipped Xom.
You were a beloved toy of Xom.
You visited 1 branch of the dungeon, and saw 3 of its levels.

You collected 116 gold pieces.

Inventory:

Hand Weapons
 i - a +1 dagger of flaming (weapon)
Missiles
 c - 73 stones (quivered)
Armour
 b - a +0 robe (worn)
 g - a +0 helmet (worn)
Jewellery
 e - a ring of protection from cold (left claw)
 h - a ring of magical power
Potions
 d - 2 potions of might {unknown}
 f - a potion of heal wounds {unknown}


   Skills:
 + Level 5.1 Fighting
 - Level 2.6 Short Blades
 - Level 2.6 Dodging
 - Level 1.7 Stealth


You had 3 spell levels left.
You didn't know any spells.
Your spell library was empty.

Dungeon Overview and Level Annotations

Branches:
Dungeon (3/15)

Altars:
Xom


Innate Abilities, Weirdness & Mutations

You have sharp fingernails.
You are partially covered in sharp spines.


Message History

You hit the orc. You burn the orc.
The orc is severely wounded.
The orc barely misses you. The orc is struck by your spines.
You kill the orc!
You hit the orc priest. You burn the orc priest. You claw the orc priest.
The orc priest is heavily wounded.
The orc is struck by your spines. The orc hits you with a +0 mace.
The orc priest calls down the wrath of Beogh upon you.
Pain shoots through your body!
You hit the orc. You burn the orc.
You kill the orc!
The orc priest looks encouraged for a moment.
You hit the orc priest but do no damage.
The orc priest is heavily wounded.
You hit the orc priest but do no damage.
The orc priest is heavily wounded.
The orc priest hits you with a +0 whip.
You closely miss the orc priest.
The orc priest is heavily wounded.
The orc priest invokes the aid of Beogh against you.
Beogh smites you!
You are too injured to fight recklessly!
You are too injured to fight recklessly!
You are too injured to fight recklessly!
You are too injured to fight recklessly!
You are too injured to fight recklessly!
You hit the orc priest but do no damage.
The orc priest is heavily wounded.
The orc priest barely misses you.
You hit the orc priest. You burn the orc priest.
The orc priest is severely wounded.
The orc priest hits you but does no damage.
You hit the orc priest. You burn the orc priest.
The orc priest is almost dead.
The orc priest misses you.
You hit the orc priest but do no damage.
The orc priest is almost dead.
The orc priest mumbles some strange prayers to Beogh against you.
Beogh smites you!
You die...

#..####........###..
#.## ###...........
### #......###?#
#.......#
####..######
#...##...#
#..........#
#...........
#.@...###... #o).#.#
##. .?.###.# ...##
## #...# ##.. ##


You could see an orc priest.

Vanquished Creatures
  An orc wizard (D:3)
  2 dart slugs
  7 orcs (D:3)
  5 ball pythons (D:1)
  6 endoplasms
  4 goblins (D:1)
  3 hobgoblins
  4 kobolds (D:1)
  4 quokkas
  6 frilled lizards
  4 rats
46 creatures vanquished.

Notes
Turn   | Place    | Note
-------+----------+-------------------------------------------
     0 | D:1      | testman the Demonspawn Monk began the quest for the Orb.
     0 | D:1      | Reached XP level 1. HP: 18/18 MP: 1/1
     8 | D:1      | Found a faded altar of an unknown god.
    20 | D:1      | Prayed at the altar of an unknown god.
    20 | D:1      | Became a worshipper of Xom of Chaos
   381 | D:1      | Gained mutation: You are partially covered in sharp spines.
                  | [demonic ancestry]
   381 | D:1      | Reached XP level 2. HP: 14/24 MP: 2/2
   804 | D:1      | XOM: enchant monster (bad)
  1001 | D:1      | XOM: silly message
  1044 | D:1      | Reached skill level 4 in Fighting
  1456 | D:1      | Reached XP level 3. HP: 30/30 MP: 3/3
  1492 | D:1      | XOM: god gift: scale mail {god gift}
  2041 | D:3      | Reached skill level 5 in Fighting
  2041 | D:3      | Gained mutation: You have sharp fingernails. [demonic
                  | ancestry]
  2041 | D:3      | Reached XP level 4. HP: 16/39 MP: 4/4
  2257 | D:3      | Killed from afar by an orc priest

Illustrated notes

Levels and vault maps discovered:
D:1:      dpeg_arrival_rooms_a, layout_loops_ring,
          chequers_ecumenical_altar_island, grunt_decor_arrowhead,
          chequers_arboretum, minmay_quantized
D:2:      layout_rooms
D:3:      layout_rooms, serial_curves, eino_curves_02, eino_curves_03,
          eino_curves_04, eino_curves_03, uniq_natasha

Skill      XL: |  1  2  3 |
---------------+----------+-----
Fighting       | 4 5 |  5.1
Short Blades   | |  2.6
Dodging        | |  2.6
Stealth        | |  1.7

Action                   |  1- 3 |  4- 6 || total
-------------------------+-------+-------++-------
Melee: Short sword       |    88 |       ||    88
       Punch             |     2 |     1 ||     3
       Dagger            |       |    13 ||    13
 Stab: Sleeping          |     8 |       ||     8
Armor: Robe              |    13 |     2 ||    15
Dodge: Dodged            |    33 |     5 ||    38

Table legend: (Time is in decaauts)
 A = Elapsed time spent in this place.
 B = Non-inter-level travel time spent in this place.
 C = Inter-level travel time spent in this place.
 D = Time resting spent in this place.
 E = Time spent auto-exploring this place.
 F = Levels seen in this place.
 G = Mean time per level.
                   A        B        C        D        E       F      G
               +--------+--------+--------+--------+--------+-----+--------+
         Total |   2256 |   2208 |     48 |      0 |   1910 |   3 |  752.0 |
       Dungeon |   2256 |   2208 |     48 |      0 |   1910 |   3 |  752.0 |
               +--------+--------+--------+--------+--------+-----+--------+

Top non-repeatable levels by time:
     D:1: 1502 daAuts
     D:2: 524 daAuts
     D:3: 230 daAuts
